 Dungeon Crawl Stone Soup version 0.32-a0-128-g77eb882913 (webtiles) character file.

Game seed: 10592870439608367049

79 Sobieck the Trooper (level 4, -2/49 HPs)
             Began as an Oni Fighter on Feb 7, 2024.
             Slain by Ijyb
             ... wielding a +0 dagger
              (4 damage)
             ... on level 3 of the Dungeon.
             The game lasted 00:03:41 (1710 turns).

Sobieck the Trooper (Oni Fighter)                   Turns: 1710, Time: 00:03:42

Health: -2/49      AC:  3    Str: 22    XL:     4   Next: 38%
Magic:  4/4        EV:  8    Int:  9    God:
Gold:   95         SH:  7    Dex:  8    Spells: 3/3 levels left

rFire   . . .        a - +0 war axe
rCold   . . .        c - +0 kite shield
rNeg    . . .        j - +0 robe
rPois   .            (helmet restricted)
rElec   .            (no cloak)
rCorr   .            (gloves unavailable)
SInv    .            (boots unavailable)
Will    .....        (no amulet)
Stlth   +            (no ring)
HPRegen 0.28/turn    (no ring)
MPRegen 0.09/turn

%: no passive effects
@: no status effects
A: large, unfitting armour, horns 1, tough skin 1, double potion healing,
drunken brawling
a: no special abilities


You were on level 3 of the Dungeon.
You visited 1 branch of the dungeon, and saw 3 of its levels.

You collected 95 gold pieces.

Inventory:

Hand Weapons
 a - a +0 war axe (weapon)
 b - a +0 sling
Missiles
 l - 19 stones
Armour
 c - a +0 kite shield (worn)
 j - a +0 robe (worn)
Scrolls
 e - a scroll of fear {unknown}
 f - a scroll of torment {unknown}
 g - 3 scrolls of identify {unknown}
 i - a scroll of poison {unknown}
 k - a scroll of revelation {unknown}
 m - a scroll of teleportation {unknown}
Potions
 h - a potion of cancellation {unknown}


   Skills:
 + Level 4.6 Fighting
 * Level 3.2 Axes
 + Level 1.4 Throwing
 - Level 2.6 Dodging
 + Level 3.2 Shields


You had 3 spell levels left.
You didn't know any spells.
Your spell library was empty.

Dungeon Overview and Level Annotations

Branches:
Dungeon (3/15)

Altars:
Vehumet

Shops:
D:2 !

Annotations:
D:3 Ijyb


Innate Abilities, Weirdness & Mutations

You are too large for most types of armour.
You have a pair of small horns on your head.
You have tough skin. (AC +1)
You gain doubled healing and magic from potions.
Whenever you drink a healing potion, you attack all around you.


Message History

Level annotation: Ijyb
There is a stone staircase leading up here.
Unknown command.
Unknown command.
Okay, then.
You feel very mighty all of a sudden.
Unknown command.
a - a +0 war axe (weapon)
Unknown command.
Ijyb zaps a wand.
The bolt of dispelling energy hits you!
Your magical effects are unravelling.
* * * LOW HITPOINT WARNING * * *
Things that are here:
a +0 dagger of draining; an orc corpse Unknown command.
You closely miss Ijyb.
You feel a little less mighty now. You block Ijyb's attack.
Ijyb barely misses you.
You hit Ijyb but do no damage. Ijyb hits you with a +0 dagger.
* * * LOW HITPOINT WARNING * * *
You slash Ijyb!
Ijyb is heavily wounded.
Ijyb completely misses you. Ijyb hits you with a +0 dagger.
* * * LOW HITPOINT WARNING * * *
You closely miss Ijyb.
Ijyb is heavily wounded.
Ijyb hits you with a +0 dagger.
* * * LOW HITPOINT WARNING * * *
Unknown command.
You barely miss Ijyb. You headbutt Ijyb, but do no damage.
Ijyb is heavily wounded.
Ijyb closely misses you.
You closely miss Ijyb.
Ijyb is heavily wounded.
Ijyb zaps a wand.
The bolt of dispelling energy hits you!
* * * LOW HITPOINT WARNING * * *
Ijyb hits you with a +0 dagger.
* * * LOW HITPOINT WARNING * * *
You closely miss Ijyb. Your headbutt misses Ijyb.
Ijyb is heavily wounded.
Ijyb hits you with a +0 dagger.
* * * LOW HITPOINT WARNING * * *
Unknown command.
You hit Ijyb.
Ijyb is heavily wounded.
Ijyb hits you with a +0 dagger.
* * * LOW HITPOINT WARNING * * *
Ijyb hits you with a +0 dagger.
You die...
Ijyb screams, "Good help so hard to find!"

#...##
################....#
.............g......#
.#####.########..###
#.# #..# #.# #..# #
#.# #..###
###.#####g#
######....#
........@.#
#......###.#
.##.......# #.######
# #.....<..###.##
#.#####.......# #
##.###.^# #.........
#####....... ##.#####
.#


You could see Ijyb.

Vanquished Creatures
  An adder (D:2)
  4 dart slugs
  4 ribbon worms (D:2)
  An orc (D:3)
  3 endoplasms
  2 giant cockroaches
  5 goblins
  4 hobgoblins
  3 jackals (D:2)
  9 kobolds
  4 quokkas
  A ball python (D:1)
  3 bats
  A frilled lizard (D:1)
  4 rats
49 creatures vanquished.

Notes
Turn   | Place    | Note
-------+----------+-------------------------------------------
     0 | D:1      | Sobieck the Oni Fighter began the quest for the Orb.
     0 | D:1      | Reached XP level 1. HP: 24/24 MP: 1/1
    71 | D:1      | Reached XP level 2. HP: 31/32 MP: 2/2
   446 | D:1      | Reached XP level 3. HP: 39/40 MP: 3/3
   741 | D:2      | Reached skill level 1 in Throwing
   775 | D:2      | Reached skill level 3 in Shields
   988 | D:2      | Reached skill level 3 in Axes
   988 | D:2      | Reached XP level 4. HP: 32/49 MP: 4/4
  1200 | D:2      | Found Bupn's Distillery.
  1559 | D:3      | Found a radiant altar of Vehumet.
  1575 | D:3      | Noticed Ijyb
  1710 | D:3      | HP: 2/49 [Ijyb/+0 dagger (3)]
  1710 | D:3      | Slain by Ijyb

Illustrated notes

Levels and vault maps discovered:
D:1:      scummos_arrival_simple_fountains, layout_loops_ring,
          minmay_indecisive_spiral
D:2:      layout_rooms, serial_shops, nicolae_shop_real_fake_doors
D:3:      minmay_wonky_spiral, layout_loops_ring, nicolae_vehumet_altar_sigil,
          kennysheep_generic_room_9, uniq_ijyb, uniq_crazy_yiuf_cottage,
          uniq_grinder

Skill      XL: |  1  2  3 |
---------------+----------+-----
Throwing       | 1 |  1.4
Shields        | 3 |  3.2
Axes           | 3 |  3.2
Fighting       | |  4.6
Dodging        | |  2.6

Action                     |  1- 3 |  4- 6 || total
---------------------------+-------+-------++-------
  Melee: War axe           |    59 |    27 ||    86
         Headbutt          |     9 |     5 ||    14
   Fire: Sling             |    46 |    31 ||    77
    Use: Potion            |       |     1 ||     1
 Armour: Robe              |    52 |    24 ||    76
  Dodge: Dodged            |    23 |    16 ||    39
  Block: Kite shield       |    24 |    17 ||    41

Table legend: (Time is in decaauts)
 A = Elapsed time spent in this place.
 B = Non-inter-level travel time spent in this place.
 C = Inter-level travel time spent in this place.
 D = Time resting spent in this place.
 E = Time spent auto-exploring this place.
 F = Levels seen in this place.
 G = Mean time per level.
                   A        B        C        D        E       F      G
               +--------+--------+--------+--------+--------+-----+--------+
         Total |   1774 |   1717 |     57 |    227 |   1071 |   3 |  591.3 |
       Dungeon |   1774 |   1717 |     57 |    227 |   1071 |   3 |  591.3 |
               +--------+--------+--------+--------+--------+-----+--------+

Top non-repeatable levels by time:
     D:2: 884 daAuts
     D:1: 757 daAuts
     D:3: 132 daAuts
